 Dungeon Crawl Stone Soup version 0.31-a0-692-gf03d1854d5 (webtiles) character file.

Game seed: 2929445405491187733

130 qw the Shooter (level 5, -3/32 HPs)
             Began as a Gargoyle Hunter on Sept 6, 2023.
             Slain by Terence
             ... wielding a +0 trident
              (5 damage)
             ... on level 2 of the Dungeon.
             The game lasted 00:00:36 (1483 turns).

qw the Shooter (Gargoyle Hunter)                    Turns: 1483, Time: 00:00:37

Health: -3/32      AC:  7    Str: 14    XL:     5   Next: 14%
Magic:  5/5        EV: 11    Int: 10    God:
Gold:   128        SH:  0    Dex: 15    Spells: 4/4 levels left

rFire   . . .        Y - +0 shortbow
rCold   . . .        (shield currently unavailable)
rNeg    + . .        c - +0 leather armour
rPois   inf          (no helmet)
rElec   +            (no cloak)
rCorr   .            (no gloves)
SInv    .            (no boots)
Will    .....        (no amulet)
Stlth   ++           (no ring)
HPRegen 0.25/turn    (no ring)
MPRegen 0.09/turn

%: no passive effects
@: no status effects
A: sickness immunity, AC +4, negative energy resistance 1, electricity
resistance, torment resistance 1, petrification resistance
a: no special abilities


You were on level 2 of the Dungeon.
You visited 1 branch of the dungeon, and saw 2 of its levels.

You collected 128 gold pieces.


Innate Abilities, Weirdness & Mutations

You are immune to sickness and miasma.
Your stone body is resilient. (AC +4)
You are immune to poison.
You resist negative energy. (rN+)
You are resistant to electric shocks. (rElec)
You are resistant to unholy torment.
You are immune to petrification.


   Skills:
 + Level 3.0 Fighting
 - Level 6.0 Ranged Weapons
 - Level 1.5 Dodging
 - Level 1.1 Stealth


You had 4 spell levels left.
You didn't know any spells.
Your spell library was empty.

Inventory:

Hand Weapons
 Y - a +0 shortbow (weapon)
Armour
 b - a +0 ring mail
 c - a +0 leather armour (worn)
Scrolls
 a - 2 scrolls of teleportation {unknown}
 g - a scroll of blinking {unknown}
Potions
 d - a potion of invisibility {unknown}
 e - a potion of curing
 f - 2 potions of mutation {unknown}
 h - a potion of magic {unknown}

Dungeon Overview and Level Annotations

Branches:
Dungeon (2/15)

Altars:

Annotations:
D:2 Terence


Message History

You kill the goblin!
Terence the Incautious comes into view.
He is wielding a +0 trident.
Terence shouts!
A ball python comes into view.
You shoot an arrow.
The arrow hits Terence but does no damage.
You shoot an arrow.
The arrow hits Terence but does no damage.
You shoot an arrow. The arrow barely misses Terence.
You shoot an arrow. The arrow closely misses Terence.
You shoot an arrow.
The arrow hits Terence but does no damage.
Terence hits you from afar with a +0 trident.
Terence hits you but does no damage.
You shoot an arrow. The arrow closely misses Terence.
Terence hits you from afar with a +0 trident!
You shoot an arrow. The arrow barely misses Terence.
Terence hits you from afar with a +0 trident.
You shoot an arrow. The arrow closely misses Terence.
Terence closely misses you.
You shoot an arrow. The arrow barely misses Terence.
Terence hits you from afar with a +0 trident.
You shoot an arrow.
The arrow hits Terence but does no damage.
Terence closely misses you.
You shoot an arrow.
The arrow hits Terence but does no damage.
Terence closely misses you.
You shoot an arrow. The arrow hits Terence.
Terence is lightly wounded.
Terence barely misses you.
You shoot an arrow.
The arrow hits Terence but does no damage.
Terence is lightly wounded.
Terence hits you from afar with a +0 trident!
Terence hits you from afar with a +0 trident.
You shoot an arrow. The arrow hits Terence.
Terence is moderately wounded.
Terence hits you from afar with a +0 trident.
You die...

#. #.# #.#
##.# ..#
##)########
##....@S....
#...@.#
##...##
##.## ...
#.# #.# #.#
#.# ##'##
#.# ##...##
#.###
##.>...##
### .#
#.#.##
##(......##
##.## .#


You could see Terence and a ball python.

Vanquished Creatures
  A scorpion (D:2)
  A gnoll (D:1)
  A dart slug (D:1)
  6 endoplasms
  7 goblins
  8 hobgoblins
  16 jackals
  4 ball pythons
  4 bats
  2 frilled lizards (D:1)
  4 rats
54 creatures vanquished.

Notes
Turn   | Place    | Note
-------+----------+-------------------------------------------
     0 | D:1      | qw the Gargoyle Hunter began the quest for the Orb.
     0 | D:1      | Reached XP level 1. HP: 12/12 MP: 1/1
     0 | D:1      | 0 ||| qw: Version: 0.3-a-76-g4403597
     0 | D:1      | 0 ||| qw: Game counter: 309
     0 | D:1      | 0 ||| qw: Melee chars always use a shield: true
     0 | D:1      | 0 ||| qw: God list: Okawaru
     0 | D:1      | 0 ||| qw: Allow faded altars: false
     0 | D:1      | 0 ||| qw: Do Orc after clearing Dungeon:15 true
     0 | D:1      | 0 ||| qw: Do second Lair branch before Depths: true
     0 | D:1      | 0 ||| qw: Lair rune preference: random
     0 | D:1      | 0 ||| qw: Goals: Normal
     0 | D:1      | 0 ||| PLANNING D:1-11
    93 | D:1      | Reached XP level 2. HP: 17/17 MP: 2/2
   305 | D:1      | Reached XP level 3. HP: 16/21 MP: 3/3
   397 | D:1      | Reached skill level 5 in Ranged Weapons
   851 | D:1      | 851 ||| READING scroll labelled YHOGOK MAOJODE.
   852 | D:1      | 852 ||| READING scroll labelled LEXZEL IBEXU.
   853 | D:1      | 853 ||| DRINKING 2 brown potions.
   854 | D:1      | 854 ||| DROPPING scroll of butterflies.
   972 | D:2      | Reached skill level 3 in Fighting
  1133 | D:2      | Reached XP level 4. HP: 28/28 MP: 4/4
  1204 | D:2      | Noticed a scorpion
  1210 | D:2      | Killed a scorpion
  1211 | D:2      | Reached XP level 5. HP: 30/32 MP: 5/5
  1357 | D:2      | Identified the +0 dagger of Timuc {flame, *Corrode Will+
                  | Int+3}
  1400 | D:2      | Reached skill level 6 in Ranged Weapons
  1469 | D:2      | Noticed Terence
  1482 | D:2      | HP: 5/32 [Terence/+0 trident (7)]
  1482 | D:2      | HP: 2/32 [Terence/+0 trident (3)]
  1483 | D:2      | Slain by Terence

Levels and vault maps discovered:
D:1:      minmay_arrival_four_houses, layout_basic
D:2:      layout_loops_corners, uniq_terence

Skill      XL: |  1  2  3  4  5 |
---------------+----------------+-----
Ranged Weapons | 5 6 |  6.0
Fighting       | 3 |  3.0
Dodging        | |  1.5
Stealth        | |  1.1

Action                     |  1- 3 |  4- 6 || total
---------------------------+-------+-------++-------
   Fire: Shortbow          |   109 |    55 ||   164
    Use: Scroll            |     2 |       ||     2
         Potion            |     1 |       ||     1
 Armour: Leather armour    |    26 |    12 ||    38
  Dodge: Dodged            |    29 |     8 ||    37

Table legend:
 A = Non-vault XP
 B = Vault XP
 C = Vault XP percentage of total XP
 D = Non-vault monster count
 E = Vault monster count
 F = Vault count percentage of total count
                 A         B        C        D         E       F
            +---------+---------+-------+---------+---------+-------
      Total |     187 |       0 |   0.0 |      54 |       0 |   0.0
            +---------+---------+-------+---------+---------+-------
        D:1 |      65 |       0 |   0.0 |      29 |       0 |   0.0
        D:2 |     122 |       0 |   0.0 |      25 |       0 |   0.0
            +---------+---------+-------+---------+---------+-------
